Map: [ESL] Tropical Sacrifice

Players

herO - Winner!

  • Race: Protoss Protoss
  • Spawn Location: 1:00

Astrea

  • Race: Protoss Protoss
  • Spawn Location: 7:00

Event: DreamHack SC2 Masters 2022 Atlanta (Offline)

VOD

Have the link to the VOD?

Description

Time

  • Played on: Nov. 19, 2022, 5:49 p.m.
  • Length: 4:13

All games in this series

Show
View Real Time Build Order
Export as new Build Order

herO Protoss - Winner!

Build Orders:  

Get SALT Encoding   

  12  0:00  Probe  
  13  0:12  Probe  
  14  0:18  Pylon  
  14  0:24  Probe  
  15  0:36  Gateway  
  15  0:38  Probe (Chrono Boost)  
  16  0:44  Assimilator  
  17  0:50  Probe (Chrono Boost)  
  17  0:55  Probe (Chrono Boost)  
  18  1:05  Probe  
  19  1:17  Probe  
  20  1:24  Cybernetics Core, Pylon  
  22  1:25  Zealot  
  22  1:29  Probe  
  24  1:50  Pylon  
  23  1:58  Adept (Chrono Boost)  
  25  2:08  Shield Battery  
  25  2:09  Shield Battery  
  25  2:11  Shield Battery  
  25  2:12  Shield Battery  
  25  2:14  Shield Battery  
  25  2:18  Adept (Chrono Boost), Warp Gate (Chrono Boost)  
  27  2:28  Shield Battery  
  27  2:35  Shield Battery  
  27  2:40  Shield Battery  
  27  2:47  Adept  
  27  2:50  Gateway  
  29  3:16  Probe  
  29  3:17  Gateway, Stalker  
  29  3:18  Assimilator  
  32  3:28  Probe  
  32  3:29  Pylon  
  33  3:40  Probe  
  30  3:59  Stalker  
  30  4:00  Stalker  
Show
View Real Time Build Order
Export as new Build Order

Astrea Protoss 

Build Orders: 1 Gate Expand 

Get SALT Encoding   

  12  0:00  Probe  
  13  0:12  Probe  
  14  0:20  Pylon  
  14  0:24  Probe  
  15  0:38  Probe (Chrono Boost)  
  15  0:41  Gateway  
  16  0:47  Probe (Chrono Boost), Assimilator  
  17  0:52  Probe  
  18  1:04  Probe  
  19  1:16  Probe  
  20  1:26  Nexus  
  20  1:29  Probe  
  21  1:40  Cybernetics Core  
  22  1:51  Pylon  
  22  1:54  Zealot (Chrono Boost)  
  23  2:09  Probe, Pylon  
  23  2:14  Stalker (Chrono Boost)  
  26  2:29  Shield Battery  
  24  2:40  Stalker (Chrono Boost)  
  24  2:51  Probe  
  22  3:03  Probe  
  21  3:15  Probe  
  22  3:39  Probe x2  
  18  3:51  Probe  
Tags
 
Add a new tag
Caveats
  • Supply blocks, unpowered buildings, or Contaminate may cause inaccurate times.
  • Supply counts are checked every 10 seconds.